 Dungeon Crawl Stone Soup version 0.25-a0-875-geaba134f46 (webtiles) character file.

Game seed: 4567749876455385534, levelgen mode: deterministic

3334 Flugkiller the Ducker (level 9, -4/69 HPs)
             Began as a Demonspawn Warper on May 1, 2020.
             Slain by a hog (18 damage)
             ... on level 8 of the Dungeon.
             The game lasted 00:17:11 (10799 turns).

Flugkiller the Ducker (Demonspawn Warper)          Turns: 10799, Time: 00:17:11

Health: -4/69      AC: 11    Str: 13    XL:     9   Next: 72%
Magic:  13/13      EV: 17    Int: 14    God:
Gold:   412        SH:  0    Dex: 18    Spells: 7/14 levels left

rFire    . . .     SeeInvis .   H - +4 quarterstaff (chaos)
rCold    . . .     Gourm    .   (shield currently unavailable)
rNeg     . . .     Faith    .   q - +2 robe {Archmagi}
rPois    +         Spirit   .   (helmet restricted)
rElec    .         Reflect  .   G - +1 cloak
rCorr    .         Harm     +   k - +2 pair of gloves
MR       .....                  (no boots)
Stlth    ++........             v - amulet of harm
HPRegen  0.21/turn              i - ring of poison resistance
MPRegen  0.13/turn              s - +3 ring of dexterity

@: no status effects
A: antennae 1, molten scales 1, powered by pain 1
a: no special abilities


You were on level 8 of the Dungeon.
You were not hungry.

You visited 2 branches of the dungeon, and saw 9 of its levels.

You collected 412 gold pieces.

Inventory:

Hand Weapons
 l - a +0 great sword
   (You took it off a hobgoblin on level 4 of the Dungeon)
 y - a +2 dagger of venom
   (You took it off a goblin on level 4 of the Dungeon)
 E - a +1 quarterstaff of speed
   (You found it on level 5 of the Dungeon)
 H - a +4 quarterstaff of chaos (weapon)
   (You took it off Crazy Yiuf on level 6 of the Dungeon)
Missiles
 e - 3 boomerangs of dispersal (quivered)
 p - 11 boomerangs
 w - 27 poisoned darts
Armour
 k - a +2 pair of gloves (worn)
   (You found it on level 1 of the Dungeon)
 q - a +2 robe of the Archmagi (worn)
   (You took it off Pikel on level 4 of the Dungeon)
 G - a +1 cloak (worn)
   (You took it off Crazy Yiuf on level 6 of the Dungeon)
Jewellery
 i - a ring of poison resistance (left hand)
   (You found it on level 2 of the Dungeon)
 s - a +3 ring of dexterity (right hand)
   (You found it on level 1 of the Dungeon)
 v - an amulet of harm (around neck)
   (You found it on level 2 of the Dungeon)
 A - an uncursed ring of protection from cold
   (You found it on level 3 of the Dungeon)
Wands
 j - a wand of disintegration (29)
   (You found it on level 6 of the Dungeon)
 I - a wand of iceblast (10)
   (You found it on level 7 of the Dungeon)
Scrolls
 a - a scroll of fear {unknown}
 b - 2 scrolls of fog
 d - 2 scrolls of blinking
 h - 4 scrolls of immolation
 r - 3 scrolls of enchant weapon
 t - 4 scrolls of remove curse
 F - 3 scrolls of teleportation
 J - 2 scrolls of brand weapon {unknown}
Potions
 c - a potion of heal wounds
 g - a potion of cancellation {unknown}
 m - 2 potions of resistance
 n - 4 potions of flight
 o - 2 potions of curing
 u - 3 potions of lignification
 x - 2 potions of might {unknown}
 z - a potion of berserk rage
 B - 3 potions of stabbing
 D - 2 potions of haste
Comestibles
 f - 18 rations
 C - 4 chunks of flesh


   Skills:
 - Level 6.0 Fighting
 - Level 3.1 Long Blades
   Level 2.3 Axes
 + Level 3.6 Staves
 - Level 0.8 Throwing
 - Level 0.8 Armour
 + Level 7.2 Dodging
 - Level 3.0 Spellcasting
 - Level 2.0 Charms
 - Level 6.0 Translocations
 - Level 4.0 Evocations


You had 7 spell levels left.
You knew the following spells:

 Your Spells              Type           Power        Failure   Level  Hunger
a - Shroud of Golubria    Chrm/Tloc      ###...       6%          2    ##.....
b - Lesser Beckoning      Tloc           ####......   5%          3    ###....
r - Blink                 Tloc           N/A          2%          2    ##.....

Your spell library contained the following spells:

 Spells                   Type           Power        Failure   Level  Hunger
 Gell's Gravitas          Tloc           ####......   5%          3    ###....
 Teleport Other           Tloc           ####....     5%          3    ###....
 Passage of Golubria      Tloc           N/A          19%         4    #####..


Dungeon Overview and Level Annotations

Branches:
Dungeon (8/15)             Temple (1/1) D:5
   Lair: D:8-11

Altars:
Ashenzari
Cheibriados
Dithmenos
Elyvilon
Fedhas
Gozag
Hepliaklqana
Kikubaaqudgha
Makhleb
Nemelex Xobeh
Okawaru
Qazlal
Ru
Sif Muna
Trog
Vehumet
Wu Jian
Xom
Zin
The Shining One

Shops:
D:7 %

Annotations:
D:3 exclusions: adder and orc
D:4 exclusion: ogre


Innate Abilities, Weirdness & Mutations

You have a pair of small antennae on your head.
You are partially covered in molten scales. (AC +2)
You sometimes gain a little power by taking damage.


Message History

You hit the shadow imp.
The shadow imp is severely wounded.
The shadow imp completely misses you.
You hit the shadow imp. You burn the shadow imp.
You kill the shadow imp!
No target in view!
Found a stone staircase leading down.
There is a stone staircase leading up here.
Items here: )) [[ a +0 dagger; a +0 robe; a +0 scale mail; a +0 flail You open the door. 3 hogs and a human come into view.
The hog squeals angrily.
A hog comes into view.
The hog moves out of view.
Found an encrusted bronze ring and 5 rations.
There are monsters nearby!
There are monsters nearby!
Unknown command.
The hog squeals angrily.
The human shouts!
The hog squeals angrily.
You hear an angry squeal.
The hog completely misses you.
You hit the hog.
The hog is lightly wounded.
The hog bites you. The hog bites you!
You barely miss the hog.
The hog is lightly wounded.
The hog bites you but does no damage.
You hit the hog. You drain the hog.
The hog is heavily wounded.
You hit the hog.
The hog is poisoned.
The hog is lightly wounded.
The hog bites you.
You sock the hog! You freeze the hog.
The hog is heavily wounded.
The hog bites you. The hog bites you!
You are too injured to fight recklessly!
You are too injured to fight recklessly!
You are too injured to fight recklessly!
You are too injured to fight recklessly!
You hit the hog.
The hog goes berserk!
The hog is almost dead.
The hog completely misses you. The hog bites you!
* * * LOW HITPOINT WARNING * * *
You hit the hog.
The hog seems to grow stronger.
The hog is almost dead.
The hog bites you!
* * * LOW HITPOINT WARNING * * *
The hog bites you!
You die...

#####
##...##############
#
#.................#
#
##'#p.......#.###.#
#
#p{#h######..#.##.#
# =.#h.#h#
##.###.#.# #
#.hh..#h# #.##
##..# # #..#.%#h#
##.###...# #
#..#%%#@# #..#.#..#
# #######)#
#.#.##..# # #.#.#
#.#รท##..# # #.#.#
#.#.##..### #.#.#
#.......... ##.#.#
###.##.....
#..(.#### #.######.
#.......# #.##...#.
#.#####.# #......#.


You could see 4 hogs and a human.

Vanquished Creatures
  Pikel (D:4)
  Prince Ribbit (D:6)
  A hungry ghost (D:8)
  2 steam dragons
  Menkaure (D:7)
  A phantom (D:5)
  A slave (D:4)
  An ice beast (D:6)
  4 sky beasts
  2 ogres (D:5)
  A big kobold (D:7)
  3 bullfrogs (D:6)
  A water moccasin zombie (D:6)
  A wyvern skeleton (D:6)
  A scorpion (D:7)
  A howler monkey (D:4)
  A centaur zombie (D:8)
  2 hounds
  2 jellies
  6 orc wizards
  Crazy Yiuf (D:6)
  3 orc priests (D:5)
  Jessica (D:3)
  5 iguanas
  3 worker ants
  2 hound skeletons
  A worker ant zombie (D:5)
  A howler monkey zombie (D:6)
  11 adders
  3 shadow imps
  An ooze (D:2)
  An adder zombie (D:5)
  2 adder skeletons
  3 worms
  3 dart slugs
  3 leopard geckos
  22 orcs
  6 giant cockroaches
  15 goblins
  15 hobgoblins
  14 jackals
  4 quokkas
  A ball python (D:5)
  9 bats
  5 frilled lizards
  17 kobolds
  A quokka skeleton (D:6)
  6 rats
193 creatures vanquished.

Notes
Turn   | Place    | Note
-------+----------+-------------------------------------------
     0 | D:1      | Flugkiller the Demonspawn Warper began the quest for the
                  | Orb.
     0 | D:1      | Reached XP level 1. HP: 16/16 MP: 3/3
   208 | D:1      | You fall into a shaft and drop 1 floor!
   226 | D:2      | Gained mutation: You are partially covered in molten
                  | scales. (AC +2) [demonic ancestry]
   226 | D:2      | Reached XP level 2. HP: 19/24 MP: 5/5
   341 | D:2      | Found a shadowy altar of Dithmenos.
   343 | D:2      | Found a bloodstained altar of Trog.
   455 | D:2      | Found a faded altar of an unknown god.
   489 | D:2      | Noticed a sky beast
   687 | D:1      | Learned a level 2 spell: Blink
   727 | D:1      | Reached XP level 3. HP: 23/29 MP: 6/6
  2048 | D:2      | Reached XP level 4. HP: 32/38 MP: 7/7
  2130 | D:2      | Learned a level 2 spell: Shroud of Golubria
  3060 | D:3      | Found a radiant altar of Vehumet.
  3560 | D:3      | Noticed Jessica
  3573 | D:3      | Killed Jessica
  3573 | D:3      | Reached XP level 5. HP: 31/43 MP: 6/8
  3976 | D:4      | Reached skill level 2 in Dodging
  3976 | D:4      | Reached XP level 6. HP: 30/49 MP: 10/10
  4399 | D:4      | Found a hazy altar of Hepliaklqana.
  4627 | D:4      | Reached skill level 1 in Charms
  4643 | D:4      | Noticed a slave
  4643 | D:4      | Noticed a slave
  4644 | D:4      | Noticed a slave
  4645 | D:4      | Noticed Pikel
  4645 | D:4      | Noticed a slave
  4682 | D:4      | Killed a slave
  4704 | D:4      | Killed Pikel
  4704 | D:4      | Reached skill level 4 in Dodging
  4704 | D:4      | Reached skill level 5 in Fighting
  4704 | D:4      | Gained mutation: You sometimes gain a little power by
                  | taking damage. [demonic ancestry]
  4704 | D:4      | Reached XP level 7. HP: 27/56 MP: 11/11
  5683 | D:5      | Entered Level 5 of the Dungeon
  5797 | D:5      | Found a staircase to the Ecumenical Temple.
  5861 | D:5      | Found a sacrificial altar of Ru.
  6113 | Temple   | Entered the Ecumenical Temple
  6211 | D:5      | Gained mutation: You have a pair of small antennae on your
                  | head. [demonic ancestry]
  6211 | D:5      | Reached XP level 8. HP: 58/64 MP: 12/12
  6866 | D:5      | Reached skill level 5 in Dodging
  6996 | D:5      | Learned a level 3 spell: Lesser Beckoning
  7514 | D:6      | Reached skill level 6 in Dodging
  7514 | D:6      | Reached skill level 5 in Translocations
  7900 | D:6      | Reached skill level 1 in Evocations
  7900 | D:6      | Reached XP level 9. HP: 47/69 MP: 13/13
  8131 | D:6      | Noticed Prince Ribbit
  8140 | D:6      | Killed Prince Ribbit
  8346 | D:6      | Found a runed translucent door.
  8347 | D:6      | Noticed Crazy Yiuf
  8526 | D:6      | Killed Crazy Yiuf
  8775 | D:7      | Reached skill level 1 in Staves
  9149 | D:7      | Found a stormy altar of Qazlal.
  9266 | D:7      | Noticed Menkaure
  9287 | D:7      | Killed Menkaure
  9397 | D:7      | Found Ferysam's Food Shop.
 10092 | D:8      | Reached skill level 7 in Dodging
 10110 | D:8      | Noticed a two-headed ogre
 10799 | D:8      | Slain by a hog

Levels and vault maps discovered:
D:1:      dpeg_arrival_simpleton_b, layout_basic, bh_walls_and_bars
D:2:      minmay_chambers_of_ones, layout_rooms, grunt_temple_overflow_open,
          chequers_ecumenical_altar_island, kennysheep_generic_room_11
D:3:      cheibrodos_helix_gallery, layout_basic, lemuel_doored_altar,
          first_ration, nrook_loot_triangle, kennysheep_jessica_study
D:4:      corexii_shantytown, layout_basic, lemuel_crystal_altar, uniq_pikel
D:5:      layout_loops_cross, minmay_temple_entry_junction, hangedman_ru_absence
D:6:      layout_cave_pools, uniq_prince_ribbit1, uniq_crazy_yiuf_cottage
D:7:      layout_basic, nicolae_qazlal_general_emergency, serial_shops, shop,
          uniq_menkaure
D:8:      cheibrodos_steamvent, layout_loops_ring,
          lemuel_zombie_altar_yredelemnul, grunt_livestock
Temple:   eino_wide_crystal_templ

Skill      XL: |  1  2  3  4  5  6  7  8  9 |
---------------+----------------------------+-----
Fighting       | 3 4 5 6 |  6.0
Translocations | 3 4 6 |  6.0
Spellcasting   | 3 |  3.0
Axes           | 2 |  2.3
Dodging        | 2 4 6 7 |  7.2
Charms         | 2 |  2.0
Long Blades    | 2 3 |  3.1
Evocations     | 1 4 |  4.0
Staves         | 3 |  3.6
Throwing       | |  0.8
Armour         | |  0.8

Action                   |  1- 3 |  4- 6 |  7- 9 || total
-------------------------+-------+-------+-------++-------
Melee: Hand axe          |   173 |   236 |     7 ||   416
       Great sword       |       |    13 |   105 ||   118
       Dagger            |       |       |   192 ||   192
       Quarterstaff      |       |       |   127 ||   127
Throw: Boomerang         |       |     2 |       ||     2
 Cast: Shroud of Golubri |       |     5 |     4 ||     9
       Blink             |       |       |     1 ||     1
Evoke: Wand              |       |       |     2 ||     2
  Use: Scroll            |     3 |    11 |     7 ||    21
       Potion            |       |     1 |     1 ||     2
 Stab: Sleeping          |       |       |     7 ||     7
       Distracted        |       |       |     1 ||     1
  Eat: Chunk             |     4 |     9 |    17 ||    30
       Ration            |       |       |     2 ||     2
Armor: Leather armour    |   112 |   103 |       ||   215
       Robe              |       |       |   129 ||   129
Dodge: Dodged            |   163 |   209 |   324 ||   696
       Rpst.: Great sword |       |     8 |    25 ||    33

Table legend:
 A = Non-vault XP
 B = Vault XP
 C = Vault XP percentage of total XP
 D = Non-vault monster count
 E = Vault monster count
 F = Vault count percentage of total count
                 A         B        C        D         E       F
            +---------+---------+-------+---------+---------+-------
      Total |    3228 |    1536 |  32.2 |     153 |      39 |  20.3
            +---------+---------+-------+---------+---------+-------
        D:1 |      53 |       0 |   0.0 |      29 |       0 |   0.0
        D:2 |      82 |      22 |  21.2 |      21 |       6 |  22.2
        D:3 |      21 |      41 |  66.1 |      11 |       3 |  21.4
        D:4 |     286 |     637 |  69.0 |      15 |      25 |  62.5
        D:5 |     965 |       0 |   0.0 |      27 |       0 |   0.0
        D:6 |    1013 |     300 |  22.8 |      24 |       2 |   7.7
        D:7 |     199 |     355 |  64.1 |       9 |       2 |  18.2
        D:8 |     609 |     181 |  22.9 |      17 |       1 |   5.6
            +---------+---------+-------+---------+---------+-------
